 Dungeon Crawl Stone Soup version 0.28.0-45-g0d030f2227 (webtiles) character file.

Game seed: 13136722972276714388

3876 101zpm the Protected (level 10, -9/63 HPs)
             Began as a Gargoyle Fighter on Apr 10, 2022.
             Was an Initiate of the Shining One.
             Mangled by a tentacled starspawn (15 damage)
             ... on level 3 of the Abyss.
             The game lasted 00:33:35 (13953 turns).

101zpm the Protected (Gargoyle Fighter)            Turns: 13953, Time: 00:33:36

Health: -9/63      AC: 22    Str: 24    XL:     10   Next: 19%
Magic:  10/10      EV:  7    Int:  9    God:    the Shining One [......]
Gold:   674        SH: 10    Dex:  9    Spells: 9/9 levels left

rFire   . . .      SeeInvis +   O - +2 flail (vorpal)
rCold   . . .      Faith    .   c - +0 buckler
rNeg    + . .      Spirit   .   p - +2 plate armour {rPois}
rPois   ∞          Reflect  +   (no helmet)
rElec   +          Harm     .   i - scarf {shadows}
rCorr   .          Rampage  .   (no gloves)
Will    .....                   (no boots)
Stlth   ..........              J - amulet of reflection
HPRegen 0.20/turn               v - ring of see invisible
MPRegen 0.12/turn               K - ring of flight

@: flying, glowing
A: sickness immunity, AC +7, negative energy resistance 1, electricity
resistance, torment resistance 1, petrification resistance
a: Renounce Religion


You were on level 3 of the Abyss.
You worshipped the Shining One.
The Shining One was noncommittal.
You visited 2 branches of the dungeon, and saw 9 of its levels.
You visited the Abyss 1 time.
You also visited: Sewer and Ossuary.

You collected 698 gold pieces.
You spent 24 gold pieces at shops.

Inventory:

Hand Weapons
 a - a +0 flail
 s - a +0 hunting sling
 M - a +2 spear of venom
 N - a +1 war axe of flaming
 O - a +2 vorpal flail (weapon)
Missiles
 l - 104 sling bullets
 m - 224 stones (quivered)
 o - 17 poisoned darts
 r - 129 bolts
 I - a boomerang
Armour
 b - a +0 scale mail
 c - a +0 buckler (worn)
 i - a scarf of shadows (worn)
 p - a +2 plate armour of poison resistance (worn)
 D - the +1 pair of boots of Noughts and Crosses {Drain rPois Int+7 Stlth+}
   (You found it on level 5 of the Dungeon)

   Int:       It affects your intelligence (+7).
   rPois:     It protects you from poison.
   Drain:     It drains your maximum health when unequipped.
   Stlth:     It makes you more stealthy.
 L - the +1 leather armour of the Tuna {Rampage rC+ Int+2 Slay-6}
   (You took it off an orc on level 7 of the Dungeon)

   Int:       It affects your intelligence (+2).
   Slay:      It affects your accuracy & damage with ranged weapons and melee
   (-6).
   rC:        It protects you from cold.
   Rampage:   It bestows one free step when moving towards enemies.
Jewellery
 q - an amulet of faith
 v - a ring of see invisible (left hand)
 J - an amulet of reflection (around neck)
 K - a ring of flight (right hand)
Wands
 F - a wand of polymorph (13)
Scrolls
 e - 3 scrolls of noise
 g - a scroll of brand weapon
 h - 2 scrolls of amnesia
 k - 4 scrolls of enchant weapon
 w - 2 scrolls of enchant armour {unknown}
 x - a scroll of torment {unknown}
 y - 7 scrolls of teleportation
 z - 2 scrolls of immolation
 A - a scroll of fog {unknown}
 B - 3 scrolls of magic mapping {unknown}
 C - 5 scrolls of identify
 G - a scroll of summoning {unknown}
 H - a scroll of holy word {unknown}
Potions
 d - a potion of might
 j - 2 potions of attraction
 n - 2 potions of degeneration
 t - 3 potions of curing {unknown}
 u - 6 potions of flight
 E - a potion of magic {unknown}


   Skills:
 + Level 7.5 Fighting
 + Level 4.3 Maces & Flails
 + Level 7.6 Polearms
 + Level 1.0 Throwing
 + Level 8.2 Armour
 + Level 1.7 Dodging
 + Level 1.0 Stealth
 + Level 6.5 Shields


You had 9 spell levels left.
You didn't know any spells.
Your spell library contained the following spells:

 Spells                   Type           Power      Damage    Failure   Level
 Beastly Appendage        Tmut           0%         N/A       100%        1
 Freeze                   Ice            0%         1d3       100%        1
 Wereblood                Tmut           0%         N/A       100%        2
 Conjure Flame            Conj/Fire      0%         6-21      100%        3
 Dazzling Flash           Conj/Hex       0%         N/A       100%        3
 Frozen Ramparts          Ice            0%         1d2       100%        3
 Ignite Poison            Fire/Tmut/Pois 0%         N/A       100%        3
 Spider Form              Tmut/Pois      0%         N/A       100%        3
 Hailstorm                Conj/Ice       0%         3d3       100%        4
 Iskenderun's Mystic Bla  Conj/Tloc      0%         2d3       100%        4
 Sticky Flame             Conj/Fire      0%         2d3       100%        4
 Summon Forest            Summ/Tloc      0%         N/A       100%        5
 Summon Mana Viper        Hex/Summ       0%         N/A       100%        5
 Dispersal                Tloc           0%         N/A       100%        6
 Starburst                Conj/Fire      0%         6d3       100%        6
 Summon Cactus Giant      Summ           0%         N/A       100%        6
 Summon Hydra             Summ           0%         N/A       100%        7
 Disjunction              Tloc           0%         N/A       100%        8
 Sublimation of Blood     Necr           Unusable   N/A       N/A         2

Dungeon Overview and Level Annotations

Branches:
Dungeon (8/15)             Temple (1/1) D:7           Sewer (visited)
Ossuary (visited)
   Lair: D:8-11

Altars:
Cheibriados
Elyvilon
Fedhas
Gozag
Hepliaklqana
Kikubaaqudgha
Makhleb
Okawaru
Qazlal
Ru
Sif Muna
Trog
Uskayaw
Vehumet
Wu Jian
Yredelemnul
Zin
The Shining One

Shops:
D:2 ?   D:5 *


Innate Abilities, Weirdness & Mutations

You are immune to sickness and miasma.
Your stone body is resilient. (AC +7)
You are immune to poison.
You resist negative energy. (rN+)
You are resistant to electric shocks. (rElec)
You are resistant to unholy torment.
You are immune to petrification.


Message History

The thrashing horror tramples you but does no damage.
The thrashing horror tramples you.
* * * LOW HITPOINT WARNING * * *
You hold your ground!
The thrashing horror tramples you but does no damage.
The starcursed mass shrieks in your mind.
* * * LOW HITPOINT WARNING * * *
The thrashing horror roars!
You block the thrashing horror's attack.
The thrashing horror tramples you but does no damage.
A starcursed mass splits.
The thrashing horror roars!
The thrashing horror tramples you but does no damage. x2
You block the thrashing horror's attack. x2
A starcursed mass splits.
The thrashing horror roars!
The thrashing horror tramples you.
* * * LOW HITPOINT WARNING * * *
You hold your ground!
You block the thrashing horror's attack.
The thrashing horror roars!
The thrashing horror tramples you but does no damage.
You block the thrashing horror's attack.
The thrashing horror tramples you but does no damage.
The thrashing horror tramples you.
* * * LOW HITPOINT WARNING * * *
You hold your ground!
The thrashing horror tramples you but does no damage. x2
A smoke demon comes into view.
The smoke demon roars!
The thrashing horror barely misses you.
The thrashing horror tramples you but does no damage.
A large abomination comes into view.
The thrashing horror tramples you but does no damage.
The thrashing horror barely misses you.
The ynoxinul gestures.
The thrashing horror tramples you but does no damage. x2
The angel hits you but does no damage. You block the angel's attack.
The tentacled starspawn bites you!
You die...

X. .#.# ##.#
.... #... ##
#3§# .#.#...
#..X#.#.#...
.## #@#...#
# .#
#XA..#..#
#.#.#X..§§#.
#X##...#...
##....###.#
##.#..#5..##
##x§XX#.3#.#
#§....#A.5#
..###x ##..#


You could see an angel, a tentacled starspawn, 2 thrashing horrors, a large
abomination, a smoke demon, a ynoxinul, a small abomination and an ufetubus
(summoned).

Vanquished Creatures
  A wraith (D:7)
  Menkaure (D:6)
  2 water moccasins (D:7)
  4 orc warriors
  2 ice beasts
  2 sky beasts
  An ogre (D:6)
  3 centaurs
  An elf zombie (Ossuary)
  A kobold brigand (D:7)
  Blork the orc (D:4)
  2 bullfrogs
  4 scorpions
  2 water moccasin zombies (D:6)
  A wyvern skeleton (D:6)
  6 killer bees
  A water moccasin skeleton (D:5)
  A howler monkey (D:7)
  A human zombie (Ossuary)
  3 hounds
  4 orc priests
  3 bullfrog skeletons
  2 gnoll shamans
  A centaur skeleton (D:4)
  Jessica (D:2)
  9 orc wizards
  5 iguanas
  2 hound skeletons
  2 mummies (Ossuary)
  6 adders
  11 gnolls
  A howler monkey skeleton (D:6)
  9 river rats
  A shadow imp (D:6)
  3 white imps (D:6)
  An adder skeleton (D:4)
  7 worms
  3 dart slugs
  23 orcs
  8 bats
  6 endoplasms
  7 giant cockroaches
  4 gnoll zombies (Ossuary)
  8 goblins
  7 hobgoblins
  12 jackals
  13 quokkas
  12 ball pythons
  9 frilled lizards
  4 goblin zombies (Ossuary)
  2 hobgoblin zombies (Ossuary)
  10 kobolds
  2 orc zombies (Ossuary)
  5 rats
243 creatures vanquished.

Notes
Turn   | Place    | Note
-------+----------+-------------------------------------------
     0 | D:1      | 101zpm the Gargoyle Fighter began the quest for the Orb.
     0 | D:1      | Reached XP level 1. HP: 14/14 MP: 1/1
   278 | D:1      | Reached XP level 2. HP: 19/19 MP: 2/2
   779 | D:1      | Found a faded altar of an unknown god.
   982 | D:1      | Reached XP level 3. HP: 23/23 MP: 3/3
  1239 | D:2      | Noticed Jessica
  1249 | D:2      | Killed Jessica
  1250 | D:2      | Reached XP level 4. HP: 24/29 MP: 4/4
  1462 | D:2      | Found Itsot's Magic Scroll Emporium.
  1470 | D:2      | Bought a scroll of identify for 24 gold pieces
  3258 | D:3      | Found a basalt altar of Yredelemnul.
  3258 | D:3      | Noticed a scorpion
  3266 | D:3      | Killed a scorpion
  3267 | D:3      | Reached skill level 4 in Armour
  3267 | D:3      | Reached skill level 1 in Dodging
  3267 | D:3      | Reached XP level 5. HP: 18/33 MP: 5/5
  4471 | D:4      | Reached XP level 6. HP: 39/39 MP: 6/6
  4990 | D:4      | Found a glowing drain.
  4994 | Sewer    | Entered a sewer
  5024 | Sewer    | Reached skill level 1 in Polearms
  5569 | Sewer    | Reached XP level 7. HP: 44/44 MP: 7/7
  6117 | D:4      | Noticed Blork the orc
  6131 | D:4      | Killed Blork the orc
  6382 | D:5      | Entered Level 5 of the Dungeon
  6406 | D:5      | Reached skill level 5 in Fighting
  6533 | D:5      | Found a sand-covered staircase.
  6540 | D:5      | Reached skill level 5 in Armour
  6545 | Ossuary  | Entered an ossuary
  7363 | D:5      | Reached XP level 8. HP: 46/50 MP: 8/8
  7450 | D:5      | Found Aruodi's Mass Market.
  8153 | D:5      | Identified the +1 pair of boots of Noughts and Crosses
                  | {Drain rPois Int+7 Stlth+}
  8333 | D:5      | Reached skill level 6 in Armour
  8507 | D:5      | Found a burning altar of Makhleb.
  8721 | D:6      | Noticed Menkaure
  8733 | D:6      | Killed Menkaure
  8734 | D:6      | Reached skill level 5 in Polearms
  8979 | D:6      | Reached skill level 5 in Shields
  9027 | D:6      | Reached XP level 9. HP: 55/55 MP: 9/9
  9275 | D:6      | Reached skill level 7 in Armour
 10244 | D:7      | Found a staircase to the Ecumenical Temple.
 10261 | Temple   | Entered the Ecumenical Temple
 11344 | D:7      | Identified the +1 leather armour of the Tuna {Rampage rC+
                  | Int+2 Slay-6}
 11763 | Temple   | Became a worshipper of the Shining One
 12501 | D:7      | Reached skill level 1 in Stealth
 12519 | D:8      | Reached XP level 10. HP: 63/63 MP: 10/10
 12529 | D:8      | Noticed a seven-headed hydra
 12536 | D:7      | Reached skill level 8 in Armour
 12856 | D:8      | Noticed a skeletal warrior
 13454 | D:7      | HP: 3/63 [orc priest/divine providence (13)]
 13788 | D:7      | Reached skill level 1 in Throwing
 13803 | D:7      | Cast into level 2 of the Abyss (orc priest)
 13922 | Abyss:3  | Noticed a large abomination
 13936 | Abyss:3  | Noticed a thrashing horror
 13936 | Abyss:3  | Noticed a thrashing horror
 13936 | Abyss:3  | Noticed a thrashing horror
 13937 | Abyss:3  | Noticed an angel
 13938 | Abyss:3  | Noticed a starcursed mass
 13951 | Abyss:3  | Noticed a smoke demon
 13952 | Abyss:3  | Noticed a tentacled starspawn
 13953 | Abyss:3  | Mangled by a tentacled starspawn

Illustrated notes

Levels and vault maps discovered:
D:1:      dpeg_chamrin_arrival_tetris, layout_basic,
          shapermc_ecumenical_altar_acropolis
D:2:      layout_basic, serial_shops, nicolae_lakefront_shop, uniq_jessica
D:3:      minmay_wonky_spiral, layout_basic, mainiacjoe_overflow_24_doors
D:4:      layout_gridville, gup_sewer_entry_spiral, uniq_blork_the_orc
D:5:      layout_loops_ring, lightli_temple_of_fire,
          chequers_ossuary_entry_cave, nicolae_zen_rock_garden,
          corexii_item_surrounded_by_moat, st_stairs_3, minmay_shop_mass,
          hangedman_decor_riveting
D:6:      layout_basic, minmay_bent, uniq_menkaure
D:7:      layout_loops_ring, minmay_temple_entry_offerings,
          chequers_serial_rivers_micro_a
D:8:      layout_cave_pools, kb_rosetta
Temple:   nicolae_temple_x_marks_the_god
Abyss:3:  base: D:5, evilmike_abyss_exit_14, hangedman_summoners_spam,
          nicolae_abyss_rune_star_stuff, hangedman_decor_peaks_small,
          evilmike_abyss_exit_14, hangedman_decor_peaks_small,
          hangedman_abyss_rune_macabre_mess, evilmike_abyss_exit_chaos

Skill      XL: |  1  2  3  4  5  6  7  8  9 10 |
---------------+-------------------------------+-----
Fighting       | 4 5 6 7 |  7.5
Maces & Flails | 3 4 |  4.3
Armour         | 4 5 6 7 8 |  8.2
Dodging        | 1 |  1.7
Shields        | 4 5 6 |  6.5
Polearms       | 1 3 5 7 |  7.6
Stealth        | 1 |  1.0
Throwing       | 1 |  1.0

Action                   |  1- 3 |  4- 6 |  7- 9 | 10-12 || total
-------------------------+-------+-------+-------+-------++-------
Melee: Flail             |   129 |   139 |    16 |    69 ||   353
       Spear             |       |   256 |   752 |       ||  1008
Throw: Stone             |       |       |    16 |     5 ||    21
  Use: Scroll            |       |     7 |     2 |     1 ||    10
Armor: Scale mail        |    76 |    68 |       |       ||   144
       Plate armour      |       |   181 |   476 |   110 ||   767
Dodge: Dodged            |    75 |   137 |   195 |    50 ||   457
Block: Buckler           |    32 |    90 |   130 |    89 ||   341
       Reflection        |       |       |     2 |       ||     2
